AoeStats
← Turquesa-4400

Arabia

509543782Analyzed
1v1 RM · 6d ago on Sep 27, 2026· 66m 58s· 2 players
Game mode
Random Map
Map size
Tiny (2 player)
Population
200
Speed
Normal
Resources
Standard
Victory
Conquest
Starting age
Dark Age
Ending age
Imperial Age
RankedLock teamsTeams togetherTeam positionsShared explorationLock speedFull tech treeHidden civsTurbo modeCheats
Victory
Defeat
🇦🇷 Franks · Argentina
893
+16
🇨🇳 Persians · China
884
-16
3241167907
6:45 Loom
9:47 Feudal Age
11:18 Double-Bit Axe
13:08 Wheelbarrow
14:55 Horse Collar
19:48 Castle Age
19:00 Stone Mining
19:06 Gold Mining
19:06 Stone Mining
20:49 Bow Saw
21:19 Heavy Plow
22:51 Fletching
22:49 Pikeman
23:30 Squires
24:21 Hand Cart
26:07 Town Watch
26:49 Forging
26:40 Scale Mail Armor
32:21 Scale Mail Armor
33:00 Iron Casting
33:27 Chain Mail Armor
33:20 Scale Barding Armor
33:55 Husbandry
34:05 Bloodlines
36:01 Stone Shaft Mining
36:02 Gold Shaft Mining
35:59 Bodkin Arrow
37:41 Padded Archer Armor
38:01 Chain Barding Armor
49:24 Imperial Age
48:03 Leather Archer Armor
58:55 Two-Man Saw
58:56 Ring Archer Armor
58:50 Ballistics
58:27 Murder Holes
58:57 Ballistics
59:38 Chemistry
59:38 Heated Shot
60:00 Masonry
59:50 Elite Skirmisher
60:35 Thumb Ring
60:30 Arson
60:07 Halberdier
62:16 Blast Furnace
61:47 Plate Mail Armor
62:36 Plate Mail Armor
64:45 Plate Barding Armor
65:30 Architecture
Turquesa-4400
8:50 Loom
10:35 Feudal Age
12:38 Double-Bit Axe
18:45 Castle Age
18:59 Scale Barding Armor
20:11 Husbandry
21:11 Forging
23:13 Gold Mining
31:25 Crossbowman
32:15 Fletching
32:48 Chain Barding Armor
36:17 Wheelbarrow
35:32 Town Watch
43:48 Iron Casting
46:22 Imperial Age
47:38 Town Patrol
48:28 Cavalier
49:51 Light Cavalry
51:08 Conscription
58:29 Plate Barding Armor
57:50 Bodkin Arrow
58:56 Blast Furnace
58:47 Padded Archer Armor
59:36 Paladin
63:35 Conscription
Connection lost

Rejoining the realm…

Still unreachable

The connection could not be restored.

Session expired

The server has moved on; the page needs a fresh start.